 Dungeon Crawl Stone Soup version 0.31-a0-198-g2ad674f65e (webtiles) character file.

Game seed: 15961633651444569331

5941 gelatine the Cleaver (level 10, -5/77 HPs)
             Began as a Demonspawn Fighter on June 26, 2023.
             Slain by a skeletal warrior
             ... wielding a +0 scimitar
              (16 damage)
             ... on level 8 of the Dungeon.
             The game lasted 00:32:48 (7562 turns).

gelatine the Cleaver (Demonspawn Fighter)           Turns: 7562, Time: 00:32:49

Health: -5/77      AC: 14    Str: 21    XL:     10   Next: 54%
Magic:  10/11      EV: 13    Int: 18    God:
Gold:   525        SH:  5    Dex: 13    Spells: 6/11 levels left

rFire   . . .        H - +1 war axe (drain)
rCold   . . .        c - +0 buckler
rNeg    . . .        t - +0 troll leather armour
rPois   .            B - +2 hat {Int+3}
rElec   .            i - +0 cloak
rCorr   .            (no gloves)
SInv    .            (no boots)
Will    .....        (no amulet)
Stlth   ++           k - +4 ring of protection
HPRegen 1.12/turn    T - +6 ring of intelligence
MPRegen 0.12/turn

%: no passive effects
@: mighty
A: hooves 1, molten scales 1, foul stench 2, powered by pain 2
a: no special abilities


You were on level 8 of the Dungeon.
You visited 3 branches of the dungeon, and saw 11 of its levels.

You collected 525 gold pieces.

Inventory:

Hand Weapons
 a - a +0 war axe
 H - a +1 war axe of draining (weapon)
 M - a +0 hand axe of electrocution
Missiles
 b - 11 poisoned darts
 l - 15 stones (quivered)
 m - 5 curare-tipped darts
 u - 4 boomerangs
 y - 2 throwing nets
Armour
 c - a +0 buckler (worn)
 i - a +0 cloak (worn)
 q - a +2 plate armour of cold resistance
 t - a +0 troll leather armour (worn)
 x - a +0 tower shield
 B - a +2 hat of intelligence (worn)
 I - +0 steam dragon scales
 K - a +0 kite shield
Magical Staves
 R - a staff of fire
Jewellery
 k - a +4 ring of protection (left hand)
 T - a +6 ring of intelligence (right hand)
 U - an amulet of faith
 V - a ring of ice
Wands
 o - a wand of polymorph (6)
 E - a wand of flame (6)
 G - a wand of charming (9)
Scrolls
 n - a scroll of torment {unknown}
 r - 2 scrolls of vulnerability {unknown}
 s - a scroll of revelation {unknown}
 v - 3 scrolls of enchant weapon {unknown}
 w - 2 scrolls of fog {unknown}
 A - a scroll of blinking {unknown}
 C - 3 scrolls of teleportation {unknown}
 F - 3 scrolls of amnesia {unknown}
 J - 4 scrolls of poison {unknown}
 P - a scroll of fear {unknown}
Potions
 f - 4 potions of brilliance
 g - a potion of haste
 h - 5 potions of mutation
 j - 2 potions of curing
 p - 4 potions of enlightenment
 z - 2 potions of lignification
 D - 3 potions of ambrosia {unknown}
 L - a potion of invisibility {unknown}
 N - 2 potions of attraction {unknown}
 O - 2 potions of degeneration {unknown}
 S - a potion of cancellation {unknown}
Miscellaneous
 Q - a phial of floods


   Skills:
 * Level 6.4 Fighting
 * Level 9.7 Axes
 + Level 2.3 Throwing
 * Level 5.4 Armour
 * Level 4.7 Dodging
 + Level 2.2 Stealth
 * Level 6.0 Shields
 + Level 1.0 Spellcasting
 + Level 1.0 Hexes
 * Level 1.5 Poison Magic
 * Level 1.5 Evocations


You had 6 spell levels left.
You knew the following spells:

 Your Spells              Type           Power      Damage    Failure   Level
a - Slow                  Hex            16%        N/A       19%         1
b - Olgreb's Toxic Radia  Pois           6%         N/A       82%         4

Your spell library contained the following spells:

 Spells                   Type           Power      Damage    Failure   Level
 Sting                    Tmut/Pois      12%        1d3       21%         1
 Apportation              Tloc           0%         N/A       26%         1
 Necrotise                Necr           0%         1d4       26%         1
 Summon Small Mammal      Summ           0%         N/A       26%         1
 Poisonous Vapours        Pois/Air       6%         N/A       30%         2
 Ensorcelled Hibernation  Hex/Ice        4%         N/A       32%         2
 Passwall                 Tmut/Erth      0%         N/A       38%         2
 Confusing Touch          Hex            4%         N/A       47%         3
 Swiftness                Air            0%         N/A       63%         3
 Vampiric Draining        Necr           0%         2d6       63%         3


Dungeon Overview and Level Annotations

Branches:
Dungeon (9/15)             Temple (1/1) D:7            Lair (1/5) D:8
    Orc: D:9-12

Altars:
Ashenzari
Cheibriados
Dithmenos
Fedhas
Gozag
Hepliaklqana
Kikubaaqudgha
Makhleb
Nemelex Xobeh
Okawaru
Qazlal
Ru
Sif Muna
Trog
Vehumet
Wu Jian
Xom
Yredelemnul

Annotations:
Lair:1 Amaemon


Innate Abilities, Weirdness & Mutations

You have large cloven feet.
You are partially covered in molten scales. (AC +2)
You sometimes emit foul miasma when damaged in melee.
You sometimes gain power by taking damage.


Message History

The skeletal warrior hits you but does no damage.
You hit the skeletal warrior but do no damage.
The skeletal warrior is severely damaged.
The skeletal warrior barely misses you.
You barely miss the skeletal warrior.
The skeletal warrior is severely damaged.
The skeletal warrior misses you.
You barely miss the skeletal warrior. Your kick misses the skeletal warrior.
The skeletal warrior is severely damaged.
The skeletal warrior closely misses you.
You closely miss the skeletal warrior. Your kick misses the skeletal warrior.
The skeletal warrior is severely damaged.
The skeletal warrior hits you with a +0 scimitar!
You slice the skeletal warrior!!
You kick the skeletal warrior, but do no damage.
The skeletal warrior is almost destroyed.
The skeletal warrior barely misses you.
You closely miss the skeletal warrior. Your kick misses the skeletal warrior.
The skeletal warrior is almost destroyed.
The skeletal warrior hits you with a +0 scimitar!!
* * * LOW HITPOINT WARNING * * *
Casting: Slow (safe; 19% risk of failure)
Confirm with . or Enter, or press ? or * to list all spells.
Aiming: Slow (safe; 19% risk of failure)
Press: ? - help, Shift-Dir - straight line, f - skeletal warrior
Aim: a skeletal warrior, wielding a +0 scimitar (foul pestilence, almost destroyed, chance to affect: 0%)
The skeletal warrior resists with almost no effort.
The skeletal warrior hits you but does no damage.
You barely miss the skeletal warrior. Your kick misses the skeletal warrior.
The skeletal warrior is almost destroyed.
The skeletal warrior hits you with a +0 scimitar!
* * * LOW HITPOINT WARNING * * *
You closely miss the skeletal warrior.
You kick the skeletal warrior, but do no damage.
The skeletal warrior is almost destroyed.
The skeletal warrior closely misses you.
You barely miss the skeletal warrior. Your kick misses the skeletal warrior.
The skeletal warrior is almost destroyed.
The skeletal warrior hits you with a +0 scimitar!
You die...

##.##.####.....##### #
#........#.........#### #
##.##.##.#............# #
#.##.##.#.......#.##.# #
#.##.##........##.##.# #
####.##.####...#####.##.# #
##.##.##<# #...#####.##.### #
##...#.##.####.........##.... #
#...........@z....########### #
##...###.#####.....## #.... #
##.##.#.# ##.......## #..##
#######.#....###.........####...#
........[......'.........'.......
#######.#....###.........####....
# #......# ##.......## #..## ###
####.### ##.....## #..# ..# #.#
##...## #..##


You could see a skeletal warrior.

Vanquished Creatures
  A black mamba (Lair:1)
  A cane toad (Lair:1)
  Maggie (D:6)
  Psyche (D:8)
  2 blink frogs (Lair:1)
  Prince Ribbit (Lair:1)
  A hornet (D:8)
  A wraith (D:8)
  A wyvern (D:7)
  A steam dragon (D:8)
  2 wargs (D:8)
  Menkaure (D:7)
  3 water moccasins
  An orc warrior (D:8)
  Duvessa (D:7)
  4 sky beasts
  An ice beast (D:8)
  A black bear (D:4)
  An ogre (D:5)
  3 phantoms (D:5)
  2 bullfrogs
  4 scorpions
  11 wights
  Dowan (D:7)
  3 howler monkeys
  2 jellies
  3 orc priests (D:8)
  A hound (D:4)
  2 gnoll boudas
  2 sleepcaps
  3 iguanas
  4 orc wizards
  15 gnolls
  7 adders
  3 white imps
  2 worms
  3 dart slugs (D:4)
  17 orcs
  3 bats (D:3)
  7 endoplasms
  5 giant cockroaches
  4 goblins
  6 hobgoblins
  7 jackals
  6 quokkas
  4 ball pythons
  A frilled lizard (D:1)
  2 giant cockroach zombies (D:3)
  9 kobolds
  9 rats
177 creatures vanquished.

Notes
Turn   | Place    | Note
-------+----------+-------------------------------------------
     0 | D:1      | gelatine the Demonspawn Fighter began the quest for the
                  | Orb.
     0 | D:1      | Reached XP level 1. HP: 18/18 MP: 1/1
   363 | D:1      | Gained mutation: You are partially covered in molten
                  | scales. (AC +2) [demonic ancestry]
   363 | D:1      | Reached XP level 2. HP: 16/24 MP: 2/2
   582 | D:1      | Learned a level 1 spell: Slow
   994 | D:2      | Reached skill level 2 in Axes
  1019 | D:2      | Gained mutation: You may rarely emit foul miasma when
                  | damaged in melee. [demonic ancestry]
  1019 | D:2      | Reached XP level 3. HP: 29/29 MP: 3/3
  1114 | D:2      | Found a faded altar of an unknown god.
  1405 | D:3      | Gained mutation: You sometimes gain a little power by
                  | taking damage. [demonic ancestry]
  1405 | D:3      | Reached XP level 4. HP: 24/35 MP: 5/5
  1504 | D:3      | Found a basalt altar of Yredelemnul.
  1842 | D:3      | Reached skill level 1 in Spellcasting
  1842 | D:3      | Reached skill level 1 in Hexes
  2012 | D:3      | Reached skill level 1 in Throwing
  2012 | D:3      | Reached skill level 1 in Dodging
  2014 | D:3      | Reached XP level 5. HP: 13/41 MP: 6/6
  2126 | D:3      | Found an ancient bone altar of Kikubaaqudgha.
  2133 | D:3      | Found an ornate altar of the Wu Jian Council.
  2133 | D:3      | Found an opulent altar of Gozag.
  2146 | D:3      | Found a bloodstained altar of Trog.
  2149 | D:3      | Found a sacrificial altar of Ru.
  2367 | D:3      | Reached skill level 3 in Axes
  2690 | D:4      | Reached skill level 1 in Stealth
  2708 | D:4      | Noticed a black bear
  2714 | D:4      | Reached XP level 6. HP: 33/47 MP: 7/7
  3003 | D:4      | Reached skill level 4 in Axes
  3010 | D:4      | Gained mutation: You have large cloven feet. [demonic
                  | ancestry]
  3010 | D:4      | Reached XP level 7. HP: 47/53 MP: 8/8
  3559 | D:5      | Entered Level 5 of the Dungeon
  3649 | D:5      | Reached skill level 5 in Axes
  3986 | D:5      | Reached XP level 8. HP: 53/60 MP: 9/9
  4161 | D:6      | Reached skill level 6 in Axes
  4165 | D:6      | Found a radiant altar of Vehumet.
  4330 | D:6      | Noticed Maggie
  4340 | D:6      | Killed Maggie
  4341 | D:6      | Reached skill level 7 in Axes
  4343 | D:6      | Reached skill level 5 in Fighting
  4412 | D:6      | Gained mutation: You sometimes gain power by taking damage.
                  | [demonic ancestry]
  4412 | D:6      | Reached XP level 9. HP: 56/68 MP: 10/10
  4652 | D:6      | You fall into a shaft and drop 3 floors!
  4723 | D:8      | Found a shimmering blue altar of Sif Muna.
  4947 | D:8      | Reached skill level 5 in Shields
  4993 | D:8      | Found a stormy altar of Qazlal.
  5137 | D:8      | Reached skill level 8 in Axes
  5216 | D:8      | Found a staircase to the Lair.
  5239 | D:8      | Noticed Psyche
  5259 | D:8      | Killed Psyche
  5270 | D:8      | Paralysed by a hornet for 1 turns
  5421 | D:8      | Reached skill level 9 in Axes
  5421 | D:8      | Reached skill level 5 in Armour
  5712 | D:8      | Learned a level 4 spell: Olgreb's Toxic Radiance
  5810 | D:9      | Noticed a skeletal warrior
  5810 | D:9      | Noticed a skeletal warrior
  5823 | D:8      | Gained mutation: You sometimes emit foul miasma when
                  | damaged in melee. [demonic ancestry]
  5823 | D:8      | Reached XP level 10. HP: 76/76 MP: 11/11
  5840 | Lair:1   | Entered Level 1 of the Lair of Beasts
  5879 | Lair:1   | Noticed a cane toad
  5887 | Lair:1   | Killed a cane toad
  5965 | Lair:1   | Noticed a black mamba
  5975 | Lair:1   | Killed a black mamba
  6047 | Lair:1   | Noticed Prince Ribbit
  6063 | Lair:1   | Reached skill level 1 in Poison Magic
  6063 | Lair:1   | Reached skill level 1 in Evocations
  6064 | Lair:1   | Killed Prince Ribbit
  6111 | Lair:1   | Noticed Amaemon
  6111 | Lair:1   | Noticed an orange demon
  6161 | D:9      | Noticed a skeletal warrior
  6777 | D:7      | Noticed Menkaure
  6790 | D:7      | Killed Menkaure
  6815 | D:7      | Found a staircase to the Ecumenical Temple.
  6845 | Temple   | Entered the Ecumenical Temple
  7118 | D:7      | Noticed Duvessa
  7118 | D:7      | Noticed Dowan
  7125 | D:7      | Killed Duvessa
  7133 | D:7      | Killed Dowan
  7562 | D:8      | Slain by a skeletal warrior

Illustrated notes

Levels and vault maps discovered:
D:1:      saegor_arrival_simple_e, layout_rooms
D:2:      layout_basic, hellmonk_ecumenical_altar_leap_of_faith,
          minmay_rat_gold_closets
D:3:      layout_basic, lemuel_zombie_altar_yredelemnul,
          minmay_overflow_temple_star_hex
D:4:      layout_loops_corners, minmay_circle_x
D:5:      layout_cave_pools
D:6:      layout_layer_cave, vehumet_altar_wand_db, uniq_maggie
D:7:      layout_basic, temple_pool_b, uniq_duvessa, uniq_menkaure
D:8:      layout_loops_corners, mainiacjoe_overflow_surrounded_room,
          lemuel_round_altar, erik_lair_orcish_takeover, uniq_psyche
D:9:      layout_rooms, hive_lemuel, uniq_erolcha
Temple:   nicolae_temple_hex_pool
Lair:1:   layout_cave_pods, serial_bayou_shore_a, uniq_amaemon,
          uniq_prince_ribbit2

Skill      XL: |  1  2  3  4  5  6  7  8  9 10 |
---------------+-------------------------------+-----
Axes           | 2 3 4 5 7 9 |  9.7
Armour         | 3 4 5 |  5.4
Spellcasting   | 1 |  1.0
Hexes          | 1 |  1.0
Throwing       | 1 2 |  2.3
Dodging        | 1 2 3 4 |  4.7
Shields        | 3 4 5 6 |  6.0
Stealth        | 1 2 |  2.2
Fighting       | 4 5 6 |  6.4
Poison Magic   | 1 |  1.5
Evocations     | 1 |  1.5

Action                     |  1- 3 |  4- 6 |  7- 9 | 10-12 || total
---------------------------+-------+-------+-------+-------++-------
  Melee: War axe           |    95 |   144 |   276 |   104 ||   619
         Kick              |       |       |    82 |    32 ||   114
  Throw: Stone             |     3 |     4 |    30 |    31 ||    68
   Cast: Slow              |       |       |    10 |     4 ||    14
    Use: Scroll            |       |       |     6 |     1 ||     7
         Potion            |       |       |       |     4 ||     4
   Stab: Sleeping          |       |       |     1 |       ||     1
 Armour: Scale mail        |    26 |       |       |       ||    26
         Plate armour      |    22 |   185 |    10 |       ||   217
         Leather armour    |     6 |       |       |       ||     6
         Troll leather arm |       |       |   130 |    25 ||   155
  Dodge: Dodged            |    24 |    21 |   146 |    58 ||   249
  Block: Buckler           |    19 |     3 |    55 |    29 ||   106
         Tower shield      |       |   147 |     7 |       ||   154

Table legend: (Time is in decaauts)
 A = Elapsed time spent in this place.
 B = Non-inter-level travel time spent in this place.
 C = Inter-level travel time spent in this place.
 D = Time resting spent in this place.
 E = Time spent auto-exploring this place.
 F = Levels seen in this place.
 G = Mean time per level.
                   A        B        C        D        E       F      G
               +--------+--------+--------+--------+--------+-----+--------+
         Total |   7765 |   7284 |    481 |      0 |   5539 |  11 |  705.9 |
       Dungeon |   7378 |   6902 |    476 |      0 |   5289 |   9 |  819.8 |
        Temple |     80 |     75 |      5 |      0 |     64 |   1 |   80.0 |
          Lair |    306 |    306 |      0 |      0 |    186 |   1 |  306.0 |
               +--------+--------+--------+--------+--------+-----+--------+

Top non-repeatable levels by time:
     D:3: 1328 daAuts
     D:8: 1238 daAuts
     D:6: 1193 daAuts
     D:4: 1075 daAuts
     D:1: 688 daAuts
     D:7: 663 daAuts
     D:2: 612 daAuts
     D:5: 516 daAuts
  Lair:1: 306 daAuts
  Temple: 80 daAuts
     D:9: 60 daAuts
